SA
CONNETQUOT CHIEFS @ WALLA WALLA WALLEYE
07/10/2020
 
TOP OF THE 1ST
Connetquot Chiefs batting - Pitching for Walla Walla Walleye : LHP Yusuke Chikafuji
Pitching: LHP Yusuke Chikafuji
Batting: RHB Juan Salinas 0-0: Foul Ball, location: 2F
0-1: Swinging Strike
0-2: Strikes out swinging
Batting: LHB Keith Alexander 0-0: Ball
1-0: Ball
2-0: Called Strike
2-1: Ground out 6-3 (Groundball, 56)
Batting: RHB Francisco García 0-0: Called Strike
0-1: Foul Ball, location: 2F
0-2: Ball
1-2: Strikes out swinging
Top of the 1st over - 0 run(s), 0 hit(s), 0 error(s), 0 left on base; Connetquot 0 - Walla Walla 0
BOTTOM OF THE 1ST
Walla Walla Walleye batting - Pitching for Connetquot Chiefs : RHP Hänsel Freeh
Pitching: RHP Hänsel Freeh
Batting: LHB Wilson Horton 0-0: Called Strike
0-1: Fly out, F7 (Flyball, 78M)
Batting: RHB Danny Walsh 0-0: Called Strike
0-1: Ball
1-1: Foul Ball, location: 2F
1-2: Ball
2-2: Foul Ball, location: 2F
2-2: TRIPLE (Flyball, 9LM)
Batting: RHB Enrico Díaz 0-0: Ball
1-0: Called Strike
1-1: Foul Ball, location: 2F
1-2: Ball
2-2: Foul Ball, location: 2F
2-2: Fly out, F2 (Popup, 2RF)
Batting: RHB Alfredo Méndez 0-0: Fly out, F8 (Flyball, 8RXD)
Bottom of the 1st over - 0 run(s), 1 hit(s), 0 error(s), 1 left on base; Connetquot 0 - Walla Walla 0
TOP OF THE 2ND
Connetquot Chiefs batting - Pitching for Walla Walla Walleye : LHP Yusuke Chikafuji
Batting: RHB José Magana 0-0: Called Strike
0-1: Ball
1-1: Ground out 5-3 (Groundball, 5L)
Batting: LHB Eric Ward 0-0: Ball
1-0: Foul Ball, location: 2F
1-1: Foul Ball, location: 2F
1-2: Strikes out swinging
Batting: RHB Bert Motevassel 0-0: Called Strike
0-1: Called Strike
0-2: Foul Ball, location: 2F
0-2: Ball
1-2: DOUBLE (Line Drive, 8RM)
Batting: RHB Lúcio Marín 0-0: Ball
1-0: Called Strike
1-1: Ball
2-1: Ground out 6-3 (Groundball, 6)
Top of the 2nd over - 0 run(s), 1 hit(s), 0 error(s), 1 left on base; Connetquot 0 - Walla Walla 0
BOTTOM OF THE 2ND
Walla Walla Walleye batting - Pitching for Connetquot Chiefs : RHP Hänsel Freeh
Batting: RHB Emílio Ortíz 0-0: Ball
1-0: Ball
2-0: Ground out U3 (Groundball, 3L)
Batting: RHB Tony Farquharson 0-0: Ball
1-0: Ground out 6-3 (Groundball, 6)
Batting: RHB Salvador Noriega 0-0: Called Strike
0-1: Ball
1-1: Swinging Strike
1-2: Foul Ball, location: 2F
1-2: Strikes out swinging
Bottom of the 2nd over - 0 run(s), 0 hit(s), 0 error(s), 0 left on base; Connetquot 0 - Walla Walla 0
TOP OF THE 3RD
Connetquot Chiefs batting - Pitching for Walla Walla Walleye : LHP Yusuke Chikafuji
Batting: RHB Rafael Canseco 0-0: Ball
1-0: Foul Ball, location: 2F
1-1: Ball
2-1: Swinging Strike
2-2: Strikes out swinging
Batting: RHB Fernando Mendoza 0-0: Called Strike
0-1: Swinging Strike
0-2: Ball
1-2: Strikes out swinging
Batting: RHB Juan Salinas 0-0: Called Strike
0-1: Ball
1-1: Ground out 1-3 (Groundball, 15)
Top of the 3rd over - 0 run(s), 0 hit(s), 0 error(s), 0 left on base; Connetquot 0 - Walla Walla 0
BOTTOM OF THE 3RD
Walla Walla Walleye batting - Pitching for Connetquot Chiefs : RHP Hänsel Freeh
Batting: LHB Eugene Henson 0-0: Called Strike
0-1: Ball
1-1: Foul Ball, location: 2F
1-2: Fly out, F9 (Flyball, 89M)
Batting: RHB Luis Campos 0-0: Called Strike
0-1: Ball
1-1: SINGLE (Groundball, 5L)
Batting: LHB Wilson Horton 0-0: Called Strike
0-1: Foul Ball, location: 2F
0-2: Strikes out swinging
Batting: RHB Danny Walsh 0-0: Swinging Strike
0-1: Called Strike
0-2: Ball
1-2: Strikes out swinging
Bottom of the 3rd over - 0 run(s), 1 hit(s), 0 error(s), 1 left on base; Connetquot 0 - Walla Walla 0
TOP OF THE 4TH
Connetquot Chiefs batting - Pitching for Walla Walla Walleye : LHP Yusuke Chikafuji
Batting: LHB Keith Alexander 0-0: Ball
1-0: Foul Ball, location: 2F
1-1: Foul Ball, location: 2F
1-2: Ball
2-2: Strikes out looking
Batting: RHB Francisco García 0-0: Foul Ball, location: 2F
0-1: Ball
1-1: Ball
2-1: Ball
3-1: Swinging Strike
3-2: Base on Balls
Batting: RHB José Magana 0-0: SINGLE (Line Drive, 4M)
Francisco García to second
Batting: LHB Eric Ward 0-0: Ball
1-0: Called Strike
1-1: Swinging Strike
1-2: Strikes out swinging
Batting: RHB Bert Motevassel 0-0: Ground out 6-3 (Groundball, 56)
Top of the 4th over - 0 run(s), 1 hit(s), 0 error(s), 2 left on base; Connetquot 0 - Walla Walla 0
BOTTOM OF THE 4TH
Walla Walla Walleye batting - Pitching for Connetquot Chiefs : RHP Hänsel Freeh
Batting: RHB Enrico Díaz 0-0: Ball
1-0: Called Strike
1-1: Fly out, F3 (Popup, 9LSF)
Batting: RHB Alfredo Méndez 0-0: Called Strike
0-1: Ball
1-1: Reached on error, E5 (Groundball, 5)
Batting: RHB Emílio Ortíz 0-0: Called Strike
0-1: Called Strike
0-2: Strikes out swinging
Batting: RHB Tony Farquharson 0-0: Intentional Walk
Batting: RHB Salvador Noriega 0-0: Called Strike
0-1: Ball
1-1: Fly out, F4 (Popup, 4M)
Bottom of the 4th over - 0 run(s), 0 hit(s), 1 error(s), 2 left on base; Connetquot 0 - Walla Walla 0
TOP OF THE 5TH
Connetquot Chiefs batting - Pitching for Walla Walla Walleye : LHP Yusuke Chikafuji
Batting: RHB Lúcio Marín 0-0: Ball
1-0: Called Strike
1-1: Foul Ball, location: 2F
1-2: Ball
2-2: Strikes out swinging
Batting: RHB Rafael Canseco 0-0: Ball
1-0: Ball
2-0: Foul Ball, location: 2F
2-1: Ball
3-1: Called Strike
3-2: Ground out 1-3 (Groundball, 15)
Batting: RHB Fernando Mendoza 0-0: Ball
1-0: Foul Ball, location: 2F
1-1: Ball
2-1: Ball
3-1: Base on Balls
Batting: RHB Juan Salinas 0-0: Ball
1-0: Called Strike
1-1: Ball
2-1: Foul Ball, location: 2F
2-2: Strikes out swinging
Top of the 5th over - 0 run(s), 0 hit(s), 0 error(s), 1 left on base; Connetquot 0 - Walla Walla 0
BOTTOM OF THE 5TH
Walla Walla Walleye batting - Pitching for Connetquot Chiefs : RHP Hänsel Freeh
Batting: LHB Eugene Henson 0-0: Ball
1-0: Ground out 4-3 (Groundball, 4MS)
Batting: RHB Luis Campos 0-0: Ground out U3 (Groundball, 3)
Batting: LHB Wilson Horton 0-0: Swinging Strike
0-1: Ball
1-1: Ball
2-1: Ball
3-1: Base on Balls
Batting: RHB Danny Walsh 0-0: Called Strike
0-1: Ball
1-1: Ball
2-1: Ball
3-1: Called Strike
3-2: Foul Ball, location: 2F
3-2: Foul Ball, location: 2F
3-2: Base on Balls
Wilson Horton to second
Batting: RHB Enrico Díaz 0-0: Ball
1-0: Ball
2-0: Called Strike
2-1: Foul Ball, location: 2F
2-2: Strikes out swinging
Bottom of the 5th over - 0 run(s), 0 hit(s), 0 error(s), 2 left on base; Connetquot 0 - Walla Walla 0
TOP OF THE 6TH
Connetquot Chiefs batting - Pitching for Walla Walla Walleye : LHP Yusuke Chikafuji
Batting: LHB Keith Alexander 0-0: Called Strike
0-1: Ball
1-1: Called Strike
1-2: Strikes out swinging
Batting: RHB Francisco García 0-0: Foul Ball, location: 2F
0-1: Swinging Strike
0-2: Ball
1-2: Foul Ball, location: 2F
1-2: Strikes out swinging
Batting: RHB José Magana 0-0: Ball
1-0: SINGLE (Groundball, 6)
Batting: LHB Eric Ward 0-0: Called Strike
0-1: Foul Ball, location: 2F
0-2: Foul Ball, location: 2F
0-2: Strikes out swinging
Top of the 6th over - 0 run(s), 1 hit(s), 0 error(s), 1 left on base; Connetquot 0 - Walla Walla 0
BOTTOM OF THE 6TH
Walla Walla Walleye batting - Pitching for Connetquot Chiefs : RHP Hänsel Freeh
Batting: RHB Alfredo Méndez 0-0: Fly out, F9 (Line Drive, 89S)
Batting: RHB Emílio Ortíz 0-0: Called Strike
0-1: Called Strike
0-2: Fly out, F6 (Line Drive, 6M)
Batting: RHB Tony Farquharson 0-0: Ball
1-0: Fly out, F7 (Flyball, 78M)
Bottom of the 6th over - 0 run(s), 0 hit(s), 0 error(s), 0 left on base; Connetquot 0 - Walla Walla 0
TOP OF THE 7TH
Connetquot Chiefs batting - Pitching for Walla Walla Walleye : LHP Yusuke Chikafuji
Pinch Hitting: SHB Antonio Vaccarini 0-0: Ball
1-0: Called Strike
1-1: Ball
2-1: Ball
3-1: Foul Ball, location: 2F
3-2: Base on Balls
Pitching: LHP José Tovar
Batting: RHB Lúcio Marín 0-0: Bunted foul
0-1: Bunt missed!
0-2: Ball
1-2: Foul Ball, location: 2F
1-2: Ball
2-2: Ground out 4-3 (Groundball, 13)
Antonio Vaccarini to second
Batting: RHB Rafael Canseco 0-0: Swinging Strike
0-1: Foul Ball, location: 2F
0-2: Strikes out looking
Batting: RHB Fernando Mendoza 0-0: Ground out 3-1 (Groundball, 34)
Top of the 7th over - 0 run(s), 0 hit(s), 0 error(s), 1 left on base; Connetquot 0 - Walla Walla 0
BOTTOM OF THE 7TH
Walla Walla Walleye batting - Pitching for Connetquot Chiefs : RHP Hänsel Freeh
Now in RF: Miguel Rodríguez
Pinch Hitting: LHB César Muñóz 0-0: Ball
1-0: Ball
2-0: Swinging Strike
2-1: Ball
3-1: Called Strike
3-2: Base on Balls
Pinch Hitting: RHB Jorge Díaz 0-0: Called Strike
0-1: SINGLE (Groundball, 56D)
César Muñóz to second
Pinch Hitting: RHB Dustin O'Quinlevan 0-0: Bunted foul
0-1: Sac Bunt - play at first, batter OUT! 1-4
César Muñóz to third
Jorge Díaz to second
Batting: LHB Wilson Horton 0-0: Ball
1-0: Foul Ball, location: 2F
1-1: Swinging Strike
1-2: Fly out, F7 (Flyball, 7S)
Batting: RHB Danny Walsh 0-0: Intentional Walk
Pinch Hitting: LHB José Ríos 0-0: Called Strike
0-1: SINGLE (Line Drive, 56D)
César Muñóz scores
Jorge Díaz to third
Danny Walsh to second
Runner from 3rd tries for Home, SAFE, no throw or cutoff
Batting: RHB Alfredo Méndez 0-0: Ball
1-0: Ball
2-0: Fly out, F6 (Popup, 56)
Bottom of the 7th over - 2 run(s), 2 hit(s), 0 error(s), 2 left on base; Connetquot 0 - Walla Walla 2
TOP OF THE 8TH
Connetquot Chiefs batting - Pitching for Walla Walla Walleye : LHP José Tovar
Now at 1B: Hieu De
Now at 2B: César Muñóz
Now in LF: Francisco Reyes
Now in RF: José Ríos
Batting: RHB Juan Salinas 0-0: Foul Ball, location: 2F
0-1: Foul Ball, location: 2F
0-2: Ball
1-2: Ball
2-2: Ground out 4-3 (Groundball, 4M)
Batting: LHB Keith Alexander 0-0: Called Strike
0-1: Called Strike
0-2: Ground out 5-3 (Groundball, 5)
Batting: RHB Francisco García 0-0: SINGLE (Groundball, 15S) (infield hit)
Pitching: RHP Taro Ohayashi
Batting: RHB José Magana 0-0: Swinging Strike
0-1: Foul Ball, location: 2F
0-2: Strikes out swinging
Top of the 8th over - 0 run(s), 1 hit(s), 0 error(s), 1 left on base; Connetquot 0 - Walla Walla 2
BOTTOM OF THE 8TH
Walla Walla Walleye batting - Pitching for Connetquot Chiefs : RHP Hänsel Freeh
Batting: RHB Emílio Ortíz 0-0: Foul Ball, location: 2F
0-1: Ball
1-1: Called Strike
1-2: Foul Ball, location: 2F
1-2: Ball
2-2: Ball
3-2: Base on Balls
Batting: RHB Tony Farquharson 0-0: Sac Bunt - play at first, batter OUT! 5-4
Emílio Ortíz to second
Batting: LHB César Muñóz 0-0: Intentional Walk
Batting: RHB Hieu De 0-0: Ball
1-0: Foul Ball, location: 2F
1-1: Called Strike
1-2: Ball
2-2: Strikes out swinging
Pinch Hitting: LHB Miguel Zúñiga 0-0: Called Strike
0-1: Ball
1-1: Foul Ball, location: 2F
1-2: Ball
2-2: Strikes out looking
Bottom of the 8th over - 0 run(s), 0 hit(s), 0 error(s), 2 left on base; Connetquot 0 - Walla Walla 2
TOP OF THE 9TH
Connetquot Chiefs batting - Pitching for Walla Walla Walleye : RHP Taro Ohayashi
Pitching: LHP Jesús Rosales
Now in LF: Sergio Cortéz
Batting: LHB Eric Ward 0-0: Ball
1-0: Ball
2-0: Ball
3-0: Base on Balls
Pinch Hitting: SHB Jim Unknown 0-0: Ball
1-0: Swinging Strike
1-1: Swinging Strike
1-2: Ball
2-2: Ball
3-2: Base on Balls
Eric Ward to second
Pinch Hitting: RHB Bernaldyn Berbedo 0-0: Ball
1-0: Foul Ball, location: 2F
1-1: Ball
2-1: Bunted foul
2-2: Foul Ball, location: 2F
2-2: Foul Ball, location: 2F
2-2: Ball
3-2: Foul Ball, location: 2F
3-2: Grounds into double play, 6-4-3 (Groundball, 6)
Eric Ward to third
Batting: RHB Rafael Canseco 0-0: Called Strike
0-1: Swinging Strike
0-2: Ball
1-2: Ball
2-2: Foul Ball, location: 2F
2-2: Fly out, F8 (Line Drive, 8RS)
Top of the 9th over - 0 run(s), 0 hit(s), 0 error(s), 1 left on base; Connetquot 0 - Walla Walla 2
This league is powered by Out of the Park Baseball, the baseball management simulation game for PC, Mac and Linux
Friday, October 23rd, 2015 - OOTP Baseball 16.9 Build 39